 Dungeon Crawl Stone Soup version 0.22.1-1-ga44c0e5 (webtiles) character file.

1250 dvd the Grasshopper (level 8, -1/39 HPs)
             Began as a Spriggan Warper on Oct 22, 2018.
             Was an Initiate of Gozag.
             Killed from afar by a crimson imp (21 damage)
             ... with a wand of acid (7)
             ... on level 5 of the Dungeon.
             The game lasted 00:21:12 (5564 turns).

dvd the Grasshopper (Spriggan Warper)               Turns: 5564, Time: 00:21:16

Health: -1/39      AC:  2    Str:  7    XL:     8   Next: 26%
Magic:  18/18      EV: 21    Int: 17    God:    Gozag
Gold:   847        SH:  0    Dex: 15    Spells: 9/19 levels left

rFire    . . .     SeeInvis +   k - +2 dagger (venom)
rCold    . . .     Gourm    .   (shield restricted)
rNeg     . . .     Faith    .   b - +0 robe
rPois    .         Spirit   .   (helmet restricted)
rElec    .         Reflect  .   (no cloak)
rCorr    .         Harm     .   (gloves unavailable)
MR       +....                  (boots unavailable)
Stlth    ++++......             (no amulet)
HPRegen  0.13/turn              q - ring of stealth
MPRegen  0.16/turn              (no ring)

@: shrouded, gold aura, very quick
A: very small, unfitting armour, see invisible, herbivore, speed 3, slow
metabolism 2
a: Potion Petition, Call Merchant, Bribe Branch, Renounce Religion


You were on level 5 of the Dungeon.
You worshipped Gozag.
Gozag was pleased with you.
You were not hungry.

You visited 1 branch of the dungeon, and saw 5 of its levels.

You collected 869 gold pieces.
You paid 22 gold pieces to Gozag.

Inventory:

Hand Weapons
 a - a +0 short sword
 k - a +2 dagger of venom (weapon)
Missiles
 e - 3 tomahawks of dispersal (quivered)
Armour
 b - a +0 robe (worn)
Jewellery
 q - a ring of stealth (left hand)
 w - a cursed ring of teleportation {unknown}
Scrolls
 c - 2 scrolls of magic mapping {unknown}
 d - 2 scrolls of blinking
 g - 8 scrolls of identify {unknown}
 h - 2 scrolls of teleportation {unknown}
 i - 3 scrolls of remove curse {unknown}
 p - 2 scrolls of amnesia {unknown}
 r - a scroll of random uselessness {unknown}
 x - a scroll of enchant armour {unknown}
Potions
 j - 2 potions of brilliance {unknown}
 l - 2 potions of agility {unknown}
 m - 3 potions of heal wounds {unknown}
 n - a potion of flight {unknown}
 o - a potion of magic {unknown}
 s - a potion of degeneration {unknown}
 t - 3 potions of curing {unknown}
 u - a potion of mutation {unknown}
 v - a potion of might {unknown}
Comestibles
 f - 2 rations


   Skills:
 + Level 2.6 Fighting
 + Level 4.8 Short Blades
 + Level 1.1 Throwing
 + Level 6.0 Dodging
 + Level 5.5 Stealth
 + Level 6.0 Spellcasting
 + Level 4.5 Charms
 + Level 7.6 Translocations


You had 9 spell levels left.
You knew the following spells:

 Your Spells              Type           Power        Failure   Level  Hunger
a - Shroud of Golubria    Chrm/Tloc      ####......   1%          2    None
b - Blink                 Tloc           N/A          1%          2    None
c - Gell's Gravitas       Tloc           ####......   1%          3    ##.....
d - Teleport Other        Tloc           ####....     1%          3    ##.....

Your spell library contained the following spells:

 Spells                   Type           Power        Failure   Level  Hunger
 Lesser Beckoning         Tloc           ####......   1%          3    ##.....
 Passage of Golubria      Tloc           N/A          5%          4    ####...
 Beastly Appendage        Tmut           #.....       13%         1    None
 Sticks to Snakes         Tmut           #.......     19%         2    None
 Spider Form              Tmut/Pois      #.........   36%         3    ##.....
 Ice Form                 Ice/Tmut       #.......     77%         4    ####...
 Blade Hands              Tmut           #.........   98%         5    #####..


Dungeon Overview and Level Annotations

Branches:
Dungeon (5/15)
 Temple: D:4-7

Altars:
Cheibriados
Gozag
Sif Muna
Wu Jian
Yredelemnul
Zin
The Shining One


Innate Abilities, Weirdness & Mutations

You are very small and have problems with some larger weapons.
You are too small for most types of armour.
You have supernaturally acute eyesight. (SInv)
You are a herbivore.
You cover ground extremely quickly.
You need to consume almost no food.


Message History

You now have 842 gold pieces (gained 8).
The phantom is distracted by the nearby gold.
The crimson imp is no longer distracted by gold.
The crimson imp puffs mist at you.
The crimson imp throws a stone.
The stone hits you but does no damage.
Things that are here:
5 gold pieces; a stone You now have 847 gold pieces (gained 5).
The crimson imp throws a stone.
The stone hits you.
The crimson imp zaps a wand.
The bolt of acid misses you.
It is a wand of acid (7).
You barely miss the crimson imp. The crimson imp completely misses you.
Unknown command.
You hit the crimson imp but do no damage.
The phantom is no longer distracted by gold.
The crimson imp lashes its tail.
The crimson imp zaps a wand.
The bolt of acid hits you!
Ouch! That really hurt!
You die...
Your body crumbles into a pile of gold.

# #..........##.#.
#.###...............
#....####.#.##....#.
####(# #.#.#######.
####'####'#.. #.
#...)(........ #.
#..%........... #.
#..........####. #.
#..@W......# .# #.
#...5......# #.
#...$......# #.
#..........# #.
#..........# #.
...........# #.# #.
#......#....# #.# #.
#.###.##.... #># #.
#.# #.


You could see a phantom and a crimson imp.

Vanquished Creatures
  A sky beast (D:2)
  A phantom (D:4)
  A centaur (D:5)
  2 ogres (D:4)
  3 big kobolds (D:4)
  A bullfrog (D:4)
  A crimson imp (D:5)
  2 hounds
  2 orc priests (D:4)
  2 iguanas
  2 orc wizards (D:4)
  Natasha (twice) (D:4)
  6 gnolls (D:4)
  6 adders (D:2)
  A shadow imp (D:5)
  3 worms
  3 dart slugs
  6 leopard geckos
  6 orcs
  5 bats
  4 giant cockroaches
  5 goblins
  8 hobgoblins
  7 jackals
  3 quokkas
  3 ball pythons
  4 frilled lizards
  49 kobolds
  6 rats
145 creatures vanquished.

Notes
Turn   | Place    | Note
-------+----------+-------------------------------------------
     0 | D:1      | dvd the Spriggan Warper began the quest for the Orb.
     0 | D:1      | Reached XP level 1. HP: 10/10 MP: 5/5
   147 | D:1      | Reached XP level 2. HP: 15/15 MP: 6/6
   153 | D:1      | Learned a level 2 spell: Shroud of Golubria
   156 | D:1      | Learned a level 2 spell: Blink
   481 | D:1      | Reached skill level 1 in Stealth
   912 | D:2      | Reached XP level 3. HP: 18/18 MP: 5/8
  1050 | D:2      | Reached XP level 4. HP: 23/23 MP: 5/9
  1087 | D:2      | Reached skill level 1 in Charms
  1297 | D:2      | Learned a level 3 spell: Gell's Gravitas
  1518 | D:2      | Found an opulent altar of Gozag.
  1519 | D:2      | Found a basalt altar of Yredelemnul.
  1520 | D:2      | Found a snail-covered altar of Cheibriados.
  1526 | D:2      | Found a glowing silver altar of Zin.
  1526 | D:2      | Found a deep blue altar of Sif Muna.
  1527 | D:2      | Found an ornate altar of the Wu Jian Council.
  1534 | D:2      | Became a worshipper of Gozag Ym Sagoz the Greedy
  1732 | D:2      | Noticed a sky beast
  1751 | D:2      | Killed a sky beast
  1751 | D:2      | Reached XP level 5. HP: 19/26 MP: 9/11
  2746 | D:4      | Noticed an ogre
  2776 | D:4      | Killed an ogre
  2776 | D:4      | Reached skill level 5 in Translocations
  2776 | D:4      | Reached XP level 6. HP: 30/30 MP: 9/13
  2952 | D:4      | Reached skill level 5 in Dodging
  3197 | D:4      | Reached XP level 7. HP: 33/35 MP: 10/14
  3496 | D:4      | Reached skill level 6 in Translocations
  3611 | D:4      | Learned a level 3 spell: Teleport Other
  3746 | D:4      | Noticed Natasha
  3755 | D:4      | Killed Natasha
  3781 | D:4      | Reached skill level 5 in Spellcasting
  3814 | D:4      | Reached skill level 5 in Stealth
  4196 | D:4      | Reached skill level 7 in Translocations
  4526 | D:4      | Reached XP level 8. HP: 19/39 MP: 14/17
  4936 | D:4      | Noticed Natasha
  4955 | D:4      | Killed Natasha
  5169 | D:5      | Entered Level 5 of the Dungeon
  5343 | D:5      | Found a glowing golden altar of the Shining One.
  5564 | D:5      | Killed from afar by a crimson imp

Skill      XL: |  1  2  3  4  5  6  7  8 |
---------------+-------------------------+-----
Stealth        | 2 3 4 5 |  5.5
Spellcasting   | 3 4 5 6 |  6.0
Dodging        | 4 5 6 |  6.0
Charms         | 2 3 4 |  4.5
Fighting       | 2 |  2.6
Short Blades   | 3 4 |  4.8
Translocations | 5 7 |  7.6
Throwing       | |  1.1

Action                   |  1- 3 |  4- 6 |  7- 9 || total
-------------------------+-------+-------+-------++-------
Melee: Short sword       |    64 |       |       ||    64
       Dagger            |    40 |   152 |   244 ||   436
Throw: Tomahawk          |     2 |       |       ||     2
 Cast: Shroud of Golubri |    11 |    23 |    16 ||    50
       Gell's Gravitas   |       |     4 |    15 ||    19
       Blink             |       |       |     1 ||     1
 Stab: Sleeping          |     6 |     6 |     7 ||    19
       Distracted        |       |     1 |     1 ||     2
  Eat: Ration            |       |     1 |     2 ||     3
Armor: Robe              |     6 |     4 |    10 ||    20
Dodge: Dodged            |    77 |   116 |   168 ||   361
